 Dungeon Crawl Stone Soup version 0.18.1-50-g88ac8fd (webtiles) character file.

4 ololoev the Magician (level 1, -1/10 HPs)
             Began as a Deep Elf Earth Elementalist on Dec 7, 2016.
             Killed from afar by a dart slug (3 damage)
             ... with a slug dart
             ... on level 3 of the Dungeon.
             The game lasted 00:01:12 (174 turns).

ololoev the Magician (Deep Elf Earth Elementalist)   Turns: 174, Time: 00:01:13

Health: -1/10      AC:  2    Str:  5    XL:     1   Next: 50%
Magic:  3/7        EV:  8    Int: 19    God:
Gold:   40         SH:  0    Dex: 15    Spells: 1 memorised, 6 levels left

rFire  . . .     SeeInvis .     b - 64 stones
rCold  . . .     Gourm    .     a - +0 robe
rNeg   . . .     Faith    +     (no shield)
rPois  .         Spirit   .     (no helmet)
rElec  .         Dismiss  .     (no cloak)
rCorr  .         Reflect  .     (no gloves)
SustAt .         Harm     .     (no boots)
MR     .....                    e - amulet of faith
Stlth  ++........               (no ring)
                                (no ring)

@: not resistant to hostile enchantments, unstealthy
A: no striking features
a: no special abilities

Inventory:

Missiles
 b - 64 stones (in hand)
Armour
 a - a +0 robe (worn)
Jewellery
 e - an amulet of faith (around neck)
Scrolls
 f - a scroll of blinking {unknown}
 h - a scroll of random uselessness {unknown}
 k - a scroll of identify {unknown}
Potions
 i - a potion of might {unknown}
 j - a potion of degeneration {unknown}
Books
 c - a book of Geomancy

   Spells                             Type                      Level
   a - Sandblast                      Earth                        1
   b - Passwall                       Transmutation/Earth          2
   c - Stone Arrow                    Conjuration/Earth            3
   d - Petrify                        Transmutation/Earth          4
   e - Lee's Rapid Deconstruction     Earth                        5
Comestibles
 d - 2 bread rations
 g - a slice of pizza


   Skills:
 - Level 2.4 Dodging
 - Level 2.4 Stealth
 * Level 3.5 Spellcasting
   Level 1.1 Transmutations
 + Level 3.2 Earth Magic


You had 6 spell levels left.
You knew the following spells:

 Your Spells              Type           Power        Failure   Level  Hunger
a - Sandblast             Erth           ###...       4%          1    None


You were on level 3 of the Dungeon.
You were not hungry.

You visited 1 branch of the dungeon, and saw 3 of its levels.

You collected 40 gold pieces.

.##≈≈w#≈#.. .#
...≈≈≈#≈≈≈.##.#
##≈w≈#≈≈≈≈w#≈..
#≈≈≈≈≈≈.<≈≈≈≈# .
.w≈≈≈#...≈≈≈w#.#
≈≈≈≈≈≈≈.$≈≈≈≈≈≈#
≈≈≈≈≈≈≈.≈≈≈≈≈≈≈≈
≈≈≈≈≈#).<≈≈≈#≈≈
≈≈≈≈≈≈.@l≈≈≈≈≈≈w
≈≈≈≈≈≈S(b≈≈≈w≈≈≈
#≈≈≈≈≈≈.≈≈≈≈≈≈≈≈
≈≈≈≈≈≈≈.≈≈#≈≈≈#.
.≈≈≈≈≈..≈.≈≈#≈.#
#≈≈≈≈≈)!.≈≈≈≈#..
###≈w≈≈≈≈≈≈≈≈##.
#.≈≈≈≈≈≈≈w##

Notes
Turn   | Place    | Note
--------------------------------------------------------------
     0 | D:1      | ololoev the Deep Elf Earth Elementalist began the quest for the Orb.
     0 | D:1      | Reached XP level 1. HP: 10/10 MP: 6/6
   174 | D:3      | Killed from afar by a dart slug

Dungeon Overview and Level Annotations

Branches:
Dungeon (3/15)

Altars:

Annotations:
D:2 exclusion: downstairs


Message History

There is a stone staircase leading down here.
You climb downwards.
An adder, an orc and 6 dart slugs come into view.
Found five items.
Found two stone staircases leading up.
There is a stone staircase leading up here.
You climb upwards.
There is a stone staircase leading down here.
Press: ? - help, v - describe, . - travel A stone staircase leading down.
Placed new exclusion.
Reduced exclusion size to a single square.
Found 26 stones.
Casting: Sandblast
Confirm with . or Enter, or press ? or * to list all spells.
You can't see any susceptible monsters within range! (Use Z to cast anyway.) Unknown command.
Casting: Sandblast
Confirm with . or Enter, or press ? or * to list all spells.
Aiming: Sandblast
Press: ? - help, Shift-Dir - straight line, f - rat
Aim: a rat (resting)
The rocky blast hits the rat.
The rat is heavily wounded.
Casting: Sandblast
Confirm with . or Enter, or press ? or * to list all spells.
Aiming: Sandblast
Press: ? - help, Shift-Dir - straight line, f/p - rat
Aim: a rat (heavily wounded)
The rocky blast hits the rat.
You kill the rat!
Found 13 gold pieces.
k - a scroll labeled TEACEU WAW GYOTU
Found 12 gold pieces.
b - 67 stones (gained 26)
Found 10 gold pieces.
You now have 18 gold pieces (gained 13).
You now have 30 gold pieces (gained 12).
Found a bread ration.
You now have 40 gold pieces (gained 10).
d - 2 bread rations (gained 1)
Found a trident.
Found a stone staircase leading down.
There is a stone staircase leading down here.
You climb downwards.
A giant newt and 3 dart slugs come into view.
There is a stone staircase leading up here.
Casting: Sandblast
Confirm with . or Enter, or press ? or * to list all spells.
Aiming: Sandblast
Press: ? - help, Shift-Dir - straight line, f - orc
Aim: an orc, wielding a mace (resting)
The rocky blast hits the orc.
You kill the orc!
The adder barely misses you. The dart slug launches a dart at you.
The slug dart hits you!
Ouch! That really hurt!
Casting: Sandblast
Confirm with . or Enter, or press ? or * to list all spells.
Aiming: Sandblast
Press: ? - help, Shift-Dir - straight line, f - adder
Aim: an adder The rocky blast hits the adder.
The adder is moderately wounded.
The bat closely misses you. The adder closely misses you.
Casting: Sandblast
Confirm with . or Enter, or press ? or * to list all spells.
Aiming: Sandblast
Press: ? - help, Shift-Dir - straight line, f/p - adder
Aim: an adder (moderately wounded)
The rocky blast hits the adder.
The adder is heavily wounded.
The bat barely misses you. The adder barely misses you.
The dart slug launches a dart at you. The slug dart misses you.
The slug dart misses the adder.
The giant newt barely misses you. The bat barely misses you.
The adder bites you. The dart slug launches a dart at you.
The slug dart hits you!
You die...

You could see an adder, 7 dart slugs, a bat and a giant newt.

Vanquished Creatures
  An orc (D:3)
  3 rats
4 creatures vanquished.

Action                   || total
-------------------------++-------
 Cast: Sandblast         ||    10
Armor: Robe              ||     2
Dodge: Dodged            ||    10

Vault maps used:
D:1:      evilmike_arrival_crescent
D:2:      ecumenical_altar_1, uniq_iyjb
D:3:      kennysheep_slugbush, serial_bayou, serial_bayou_crossing,
          serial_bayou_lagoon_b, serial_bayou_pond_a, serial_bayou_lake_a,
          first_bread
